Map: White Rabbit LE

Players

SCIInewby - Winner!

  • Race: Protoss Protoss
  • League: Master
  • Spawn Location: 1:00

MrFrost

  • Race: Terran Terran
  • League: Master
  • Spawn Location: 7:00

VOD

Have the link to the VOD?

Description

Time

  • Played on: Feb. 5, 2026, 9:08 p.m.
  • Length: 8:26
Show
View Real Time Build Order
Export as new Build Order

SCIInewby Protoss - Winner!

Build Orders: 1 Gate Expand, Zealot Archon 

Get SALT Encoding   

  12  0:01  Probe  
  13  0:13  Probe  
  14  0:21  Pylon  
  14  0:25  Probe  
  15  0:40  Gateway  
  15  0:41  Probe  
  16  0:53  Probe  
  17  1:17  Probe  
  18  1:23  Nexus  
  18  1:29  Probe  
  19  1:33  Pylon  
  19  1:45  Forge  
  19  1:50  Pylon  
  19  1:53  Zealot  
  21  1:57  Probe  
  22  2:02  Assimilator  
  22  2:12  Assimilator  
  22  2:17  Cybernetics Core  
  22  2:28  Probe  
  23  2:34  Assimilator  
  23  2:40  Probe  
  23  2:41  Probe  
  25  2:48  Probe  
  25  2:49  Probe  
  25  2:57  Warp Gate, Probe  
  27  3:00  Pylon  
  28  3:08  Probe x2  
  28  3:10  Twilight Council  
  30  3:16  Probe  
  30  3:21  Probe  
  30  3:22  Pylon  
  30  3:24  Probe  
  32  3:33  Probe  
  34  3:36  Probe  
  35  3:42  Stargate  
  35  3:47  Pylon  
  35  3:51  Pylon  
  35  4:02  Photon Cannon  
  35  4:09  Probe x2  
  37  4:17  Probe  
  37  4:19  Dark Shrine  
  37  4:21  Photon Cannon  
  37  4:22  Probe  
  38  4:26  Probe  
  38  4:27  Assimilator  
  40  4:34  Probe  
  41  4:39  Probe  
  42  4:49  Stalker  
  44  4:54  Charge  
  44  4:56  Protoss Shields Level 1  
  44  5:01  Gateway  
  44  5:04  Gateway  
  44  5:06  Fleet Beacon  
  44  5:14  Probe x2  
  44  5:18  Stalker  
  48  5:26  Probe x2  
  50  5:38  Probe  
  51  5:48  Pylon  
  51  5:49  Dark Templar  
  53  5:56  Pylon  
  53  6:01  Dark Templar x2  
  53  6:03  Gateway  
  57  6:08  Carrier  
  63  6:27  Dark Templar  
  63  6:32  Pylon  
  65  6:50  Gateway  
  65  6:51  Gateway  
  65  6:54  Gateway  
  64  6:55  Stalker  
  64  6:56  Stalker  
  66  7:03  Probe x2  
  66  7:08  Stalker  
  70  7:11  Carrier  
  70  7:15  Dark Templar, Probe  
  66  7:16  Probe  
  74  7:27  Probe x2  
  74  7:29  Dark Templar x2  
  76  7:34  Archon  
  76  7:35  Probe x2  
  71  7:43  Probe x2  
  68  7:48  Photon Cannon  
  68  7:50  Photon Cannon x2  
  70  7:55  Photon Cannon  
  70  7:56  Probe  
  70  7:57  Probe  
  59  8:03  Stalker  
  51  8:08  Probe  
  51  8:09  Probe  
Show
View Real Time Build Order
Export as new Build Order

MrFrost Terran 

Build Orders:  

Get SALT Encoding   

  12  0:02  SCV  
  13  0:14  SCV  
  14  0:27  Supply Depot  
  14  0:29  SCV  
  14  0:33  Refinery  
  15  0:48  SCV  
  16  0:53  Barracks  
  16  1:00  SCV  
  17  1:13  SCV  
  18  1:25  SCV  
  19  1:37  SCV  
  20  1:42  Marine  
  21  1:49  SCV  
  21  1:52  Refinery  
  22  1:59  Marine  
  23  2:13  Supply Depot  
  23  2:19  Factory  
  23  2:36  Supply Depot  
  23  2:38  Command Center  
  23  2:47  Orbital Command  
  23  2:58  Supply Depot  
  23  3:16  Supply Depot  
  23  3:18  Starport, Factory Tech Lab  
  23  3:26  Barracks Tech Lab  
  23  3:32  SCV  
  24  3:38  Supply Depot  
  24  3:44  SCV  
  25  3:56  SCV  
  25  3:58  Starport Tech Lab  
  25  3:59  Fusion Core  
  26  4:03  Orbital Command  
  26  4:08  SCV  
  27  4:17  Refinery  
  27  4:20  SCV  
  27  4:22  Refinery  
  28  4:32  SCV  
  29  4:44  SCV  
  30  4:46  Battlecruiser  
  36  4:56  SCV  
  36  4:57  Engineering Bay  
  37  5:08  SCV  
  37  5:10  Supply Depot x2  
  38  5:21  Starport  
  38  5:33  SCV  
  38  5:34  SCV  
  40  5:46  SCV x2  
  42  5:51  Battlecruiser  
  48  6:01  Starport Tech Lab  
  48  6:09  Missile Turret  
  48  6:31  Battlecruiser  
  48  6:32  Missile Turret  
  52  7:11  SCV  
  52  7:12  SCV  
  53  7:23  SCV  
  53  7:24  SCV  
  55  7:36  SCV  
  56  8:01  SCV  
  56  8:03  SCV  
  47  8:13  SCV  
Tags
 
Composition
Zealot Archon
Matchup
PvT
Replay Pack
Multiplayer
Spawn Locations
Cross Positions
Add a new tag
Caveats
  • Supply blocks, unpowered buildings, or Contaminate may cause inaccurate times.
  • Supply counts are checked every 10 seconds.